 Dungeon Crawl Stone Soup version 0.21.1-1-g345015f (webtiles) character file.

6818 Fang the Cleaver (level 11, -7/69 HPs)
             Began as a Gargoyle Berserker on June 20, 2018.
             Was a High Priest of Trog.
             Mangled by a freezing wraith (10 damage)
             ... on level 9 of the Dungeon.
             The game lasted 00:15:53 (8584 turns).

Fang the Cleaver (Gargoyle Berserker)               Turns: 8584, Time: 00:15:54

Health: -7/69      AC: 13    Str: 25    XL:     11   Next: 5%
Magic:  11/11      EV:  8    Int:  5    God:    Trog [*****.]
Gold:   763        SH:  0    Dex:  9    Spells: 10/10 levels left

rFire    . . .     SeeInvis .   a - +4 hand axe (freeze)
rCold    . . .     Gourm    .   (no shield)
rNeg     + . .     Faith    .   q - +0 troll leather armour
rPois    ∞         Spirit   .   g - +1 hat
rElec    +         Reflect  .   (no cloak)
rCorr    .         Harm     .   (no gloves)
MR       .....     Clarity  +   (no boots)
Stlth    ++........             s - amulet of regeneration
HPRegen  1.01/turn              (no ring)
MPRegen  0.12/turn              x - +2 ring of evasion

@: berserk cooldown, held, starving, slowed, very slow
A: clarity, dopey 1, negative energy resistance 1, electricity resistance,
unbreathing, petrification resistance, rot immunity, AC +8
a: Berserk, Trog's Hand, Brothers in Arms, Burn Spellbooks, Renounce Religion


You were on level 9 of the Dungeon.
You worshipped Trog.
Trog was extremely pleased with you.
You were starving.

You visited 1 branch of the dungeon, and saw 9 of its levels.
You also visited: Sewer and Ossuary.

You collected 763 gold pieces.

Inventory:

Hand Weapons
 a - a +4 hand axe of freezing (weapon)
 b - a +2 war axe of flaming
 p - a +3 war axe
Armour
 g - a +1 hat (worn)
 q - a +0 troll leather armour (worn)
Jewellery
 s - an amulet of regeneration (around neck)
 x - a +2 ring of evasion (right hand)
Wands
 m - a wand of random effects (20)
 y - a wand of acid (6)
Scrolls
 j - 4 scrolls of teleportation
 k - 2 scrolls of blinking
 l - 2 scrolls of remove curse
 u - a scroll of fog
Potions
 d - 4 potions of curing
 e - 8 potions of flight
 f - 2 potions of lignification
 i - 2 potions of haste
 n - 8 potions of heal wounds
 o - a potion of magic
 r - 3 potions of agility
 t - 5 potions of might
 v - a potion of berserk rage
 B - 2 potions of brilliance
Books
 z - a book of Cantrips

   Spells                             Type                      Level
   a - Confusing Touch                Hexes                        1
   b - Animate Skeleton               Necromancy                   1
   c - Summon Small Mammal            Summoning                    1
   d - Apportation                    Translocation                1
   Trog disapproves of the use of such an item.
Comestibles
 c - 9 rations


   Skills:
 + Level 8.7 Fighting
 + Level 11.6 Axes
 + Level 2.6 Armour
 + Level 6.2 Dodging
 + Level 3.6 Stealth


You had 10 spell levels left.
You didn't know any spells.

Dungeon Overview and Level Annotations

Branches:
Dungeon (9/15)             Temple (0/1) D:5            Lair (0/6) D:9
    Orc: D:9-12

Altars:
Elyvilon
Kikubaaqudgha
Makhleb
Wu Jian
Xom

Shops:
D:7 ?


Innate Abilities, Weirdness & Mutations

You are resistant to torment.
Your stone body is resilient. (AC +8)
You are immune to poison.
You resist negative energy. (rN+)
You are resistant to electric shocks. (rElec)
You can survive without breathing.
You are immune to petrification.
You are immune to rotting.
You possess an exceptional clarity of mind.
You are dopey. (Int -2)


Message History

The freezing wraith hits you but does no damage.
The freezing wraith barely misses you.
Unknown command.
You struggle against the net.
The freezing wraith hits you but does no damage. x2
You struggle against the net.
You feel a strong urge to attack something.
The freezing wraith hits you.
* * * LOW HITPOINT WARNING * * *
The freezing wraith freezes you!!
* * * LOW HITPOINT WARNING * * *
The freezing wraith hits you but does no damage.
You struggle against the net.
You are no longer berserk.
You are exhausted.
You feel as though you will be slow longer.
The gnoll closely misses you.
The freezing wraith hits you but does no damage.
The freezing wraith hits you!
You die...

#### ### ### # .....
..# .. .#
...#####.##. .. #...
..#.#.# .# ( #..#
#.#.#(##g.# .. #..#
#.#..#@W# ...
#..###...##..#
.....#........#.##g}
.....##.###.#.#. ..#
........>##<#.## #..
.....##.###.#.# ###
.....#..)...#..
.....#.########
..............


You could see a freezing wraith and 2 gnolls.

Vanquished Creatures
  Erica (D:8)
  The ghost of Homage the Archer, a novice CeHu of Okawaru (D:8)
  Pikel (D:4)
  The ghost of Grog the Skirmisher, an amateur MiBe of Trog (D:4)
  Prince Ribbit (D:6)
  2 hippogriffs
  2 steam dragons
  Menkaure (D:7)
  Edmund (D:5)
  2 insubstantial wisps (D:7)
  3 slaves (D:4)
  2 orc warriors (D:7)
  5 sky beasts
  2 phantoms
  An ice beast (D:8)
  A necrophage (D:9)
  A centaur (D:5)
  4 ogres
  3 bullfrogs
  2 big kobolds (Sewer)
  Blork the orc (D:4)
  A water moccasin zombie (D:6)
  A wyvern zombie (D:9)
  A scorpion (D:6)
  3 wights (D:7)
  6 killer bees (D:7)
  3 vampire bats (D:7)
  A howler monkey (D:6)
  5 crimson imps
  A hound (D:7)
  A bullfrog zombie (D:6)
  A jelly (D:5)
  A centaur skeleton (D:8)
  An orc priest (D:3)
  A gnoll shaman (D:9)
  A centaur zombie (D:6)
  Natasha (twice) (D:3)
  3 iguanas
  4 worker ants
  9 orc wizards
  A hound skeleton (D:5)
  8 mummies (Ossuary)
  3 gnolls (D:4)
  9 adders
  2 shadow imps (D:7)
  2 oozes
  An adder zombie (D:8)
  2 adder skeletons
  2 worms (D:2)
  2 dart slugs (D:1)
  A leopard gecko (D:4)
  16 orcs
  4 bat skeletons (D:7)
  3 bat zombies (D:7)
  4 giant cockroaches
  2 gnoll zombies (Ossuary)
  4 goblins
  3 hobgoblins
  8 jackals
  6 quokkas
  A ball python (Sewer)
  A ball python skeleton (D:5)
  4 bats
  4 frilled lizards
  2 hobgoblin zombies (Ossuary)
  18 kobolds
  2 kobold zombies (Ossuary)
  2 orc zombies (Ossuary)
  A quokka skeleton (D:9)
  7 rats
209 creatures vanquished.

Vanquished Creatures (others)
  A giant cockroach (D:4)
1 creature vanquished.

Grand Total: 210 creatures vanquished

Notes
Turn   | Place    | Note
-------+----------+-------------------------------------------
     0 | D:1      | Fang the Gargoyle Berserker began the quest for the Orb.
     0 | D:1      | Reached XP level 1. HP: 14/14 MP: 1/1
   400 | D:1      | Reached skill level 3 in Axes
   400 | D:1      | Reached XP level 2. HP: 19/19 MP: 2/2
   645 | D:2      | Reached XP level 3. HP: 9/24 MP: 3/3
   994 | D:2      | Reached ** piety under Trog
  1062 | D:2      | Found a shimmering altar of Xom.
  1062 | D:2      | Found a shimmering altar of Xom.
  1062 | D:2      | Found a shimmering altar of Xom.
  1291 | D:2      | Reached XP level 4. HP: 29/29 MP: 4/4
  1625 | D:3      | Reached skill level 4 in Axes
  1627 | D:3      | Reached XP level 5. HP: 33/33 MP: 5/5
  1957 | D:3      | Noticed Natasha
  1968 | D:3      | HP: 2/49 [crimson imp[Natasha] (3)]
  1972 | D:3      | Killed Natasha
  1972 | D:3      | Reached skill level 1 in Stealth
  2707 | D:3      | Noticed Natasha
  2714 | D:3      | Killed Natasha
  3161 | D:4      | Noticed a slave
  3163 | D:4      | Noticed a slave
  3163 | D:4      | Noticed Pikel
  3167 | D:4      | Noticed a slave
  3168 | D:4      | Noticed a slave
  3179 | D:4      | Killed a slave
  3182 | D:4      | Killed a slave
  3189 | D:4      | Killed a slave
  3192 | D:4      | Killed Pikel
  3192 | D:4      | Reached skill level 5 in Fighting
  3192 | D:4      | Reached skill level 6 in Axes
  3192 | D:4      | Reached XP level 6. HP: 11/40 MP: 6/6
  3192 | D:4      | Reached XP level 7. HP: 12/44 MP: 7/7
  3833 | D:4      | Noticed Blork the orc
  3852 | D:4      | Killed Blork the orc
  3856 | D:4      | Reached XP level 8. HP: 49/49 MP: 8/8
  3925 | D:4      | Noticed Grog's ghost (amateur MiBe)
  3940 | D:4      | Killed Grog's ghost
  3940 | D:4      | Reached skill level 7 in Axes
  4499 | D:4      | Reached *** piety under Trog
  4675 | D:5      | Entered Level 5 of the Dungeon
  4722 | D:5      | Found a staircase to the Ecumenical Temple.
  4840 | D:5      | Noticed Edmund
  4854 | D:5      | Killed Edmund
  4909 | D:5      | Found an ornate altar of the Wu Jian Council.
  5065 | D:5      | Reached skill level 8 in Axes
  5240 | D:5      | Found a sand-covered staircase.
  5255 | Ossuary  | Entered an ossuary
  5289 | Ossuary  | Reached XP level 9. HP: 14/55 MP: 9/9
  5513 | D:5      | Gained mutation: You are dopey. (Int -2) [potion of mutation]
  5513 | D:5      | Gained mutation: You possess an exceptional clarity of mind. [potion of mutation]
  5766 | D:6      | Reached skill level 9 in Axes
  6089 | D:6      | Noticed Prince Ribbit
  6104 | D:6      | Killed Prince Ribbit
  6186 | D:6      | Found a glowing drain.
  6205 | Sewer    | Entered a sewer
  6321 | Sewer    | Reached **** piety under Trog
  6737 | D:7      | Found Tafeif's Magic Scroll Boutique.
  6750 | D:7      | Reached skill level 10 in Axes
  6761 | D:7      | Reached XP level 10. HP: 38/63 MP: 10/10
  6924 | D:7      | Noticed Menkaure
  6930 | D:7      | Killed Menkaure
  7062 | D:7      | Found an ancient bone altar of Kikubaaqudgha.
  7071 | D:7      | Reached skill level 5 in Dodging
  7123 | D:7      | Reached ***** piety under Trog
  7189 | D:7      | Found a burning altar of Makhleb.
  7649 | D:8      | Noticed Homage's ghost (novice CeHu)
  7663 | D:8      | Killed Homage's ghost
  7663 | D:8      | Reached skill level 11 in Axes
  7809 | D:8      | Noticed Erica
  7820 | D:8      | Killed Erica
  7863 | D:8      | Found a white marble altar of Elyvilon.
  8346 | D:9      | Reached XP level 11. HP: 58/69 MP: 11/11
  8350 | D:9      | Found a staircase to the Lair.
  8583 | D:9      | HP: 3/103 [freezing wraith (21)]
  8584 | D:9      | Mangled by a freezing wraith

Skill      XL: |  1  2  3  4  5  6  7  8  9 10 |
---------------+-------------------------------+-----
Axes           | 3 4 6 8 10 11 | 11.6
Fighting       | 4 5 6 7 8 |  8.7
Dodging        | 2 3 4 6 |  6.2
Stealth        | 1 2 3 |  3.6
Armour         | |  2.6

Action                   |  1- 3 |  4- 6 |  7- 9 | 10-12 || total
-------------------------+-------+-------+-------+-------++-------
Melee: Hand axe          |    62 |    87 |   384 |   235 ||   768
Invok: Berserk           |     2 |     4 |    10 |     4 ||    20
  Use: Scroll            |       |       |    19 |     6 ||    25
       Potion            |       |       |     2 |       ||     2
 Stab: Sleeping          |       |       |       |     4 ||     4
  Eat: Chunk             |     1 |    10 |    10 |     6 ||    27
       Ration            |       |       |     3 |     1 ||     4
Armor: Animal skin       |    31 |    26 |    89 |    42 ||   188
       Troll leather arm |       |       |       |    43 ||    43
Dodge: Dodged            |    45 |    69 |   195 |   174 ||   483
